 Dungeon Crawl Stone Soup version 0.25.0-9-g26727b657a (webtiles) character file.

Game seed: 15107281002963241333

365332 Froggeryz the Wrestler (level 22, 0/142 HPs)
             Began as a Gargoyle Monk on June 18, 2020.
             Was the Champion of Okawaru.
             Killed from afar by a frost giant (59 damage)
             ... with a bolt of cold
             ... on level 4 of the Vaults.
             The game lasted 01:39:06 (44207 turns).

Froggeryz the Wrestler (Gargoyle Monk)             Turns: 44207, Time: 01:39:07

Health: 0/142      AC: 41    Str: 20    XL:     22   Next: 54%
Magic:  29/29      EV:  8    Int: 15    God:    Okawaru [******]
Gold:   2592       SH: 37    Dex: 13    Spells: 20/31 levels left

rFire    + . .     SeeInvis +     - Unarmed
rCold    . . .     Gourm    .   U - +18 shield of the Gong {rElec rN+ MR+ EV-5}
rNeg     + + +     Faith    .   o - +3 scale mail {rF+}
rPois    ∞         Spirit   .   e - +0 mask of the Dragon {MR+ Slay+3 SInv}
rElec    +         Reflect  +   O - scarf {repulsion}
rCorr    .         Harm     .   P - +3 pair of gauntlets of War {Slay+5}
MR       ++++.                  J - +1 pair of boots
Stlth    +.........             g - amulet of reflection
HPRegen  0.33/turn              R - ring "Fodeewk" {Wiz rN+ MR+}
MPRegen  0.21/turn              T - +4 ring of protection

@: very slightly contaminated, repel missiles
A: big wings, negative energy resistance 1, electricity resistance, unbreathing,
petrification resistance, rot immunity, AC +16
}: 2/15 runes: decaying, serpentine
a: Fly, Heroism, Finesse, Renounce Religion


You were on level 4 of the Vaults.
You worshipped Okawaru.
Okawaru was exalted by your worship.
You were very hungry.

You visited 6 branches of the dungeon, and saw 36 of its levels.
You also visited: Sewer, Gauntlet and Ice Cave.

You collected 4621 gold pieces.
You spent 2029 gold pieces at shops.

Inventory:

Missiles
 I - 18 curare-tipped darts (quivered)
Armour
 c - the +3 hat of Pondering {ponderous, MR+ MP+10 Int+5}
   (You took it off Gastronok on level 8 of the Dungeon)

   It affects your intelligence (+5).
   It affects your resistance to hostile enchantments.
   It affects your magic capacity (+10).
 e - the +0 mask of the Dragon (worn) {MR+ Slay+3 SInv}
   (You found it on level 12 of the Dungeon)

   It affects your accuracy and damage with ranged weapons and melee attacks
   (+3).
   It affects your resistance to hostile enchantments.
   It lets you see invisible.
 o - a +3 scale mail of fire resistance (worn)
 y - a +1 tower shield of protection
 A - a +8 plate armour of ponderousness
 J - a +1 pair of boots (worn)
 N - a +0 chain mail of cold resistance
 O - a scarf of repulsion (worn)
 P - the +3 pair of gauntlets of War (worn) {Slay+5}
   (You found it in an ice cave)

   It affects your accuracy and damage with ranged weapons and melee attacks
   (+5).
 Q - the -5 pair of boots "Zyibbas" {rF+ MP+9 Dex-4 SInv}
   (Okawaru gifted it to you on level 4 of the Swamp)

   It affects your dexterity (-4).
   It protects you from fire.
   It affects your magic capacity (+9).
   It lets you see invisible.
 U - the +18 shield of the Gong (worn) {rElec rN+ MR+ EV-5}
   (You bought it in a shop on level 14 of the Dungeon)

   It affects your evasion (-5).
   It insulates you from electricity.
   It protects you from negative energy.
   It affects your resistance to hostile enchantments.
Jewellery
 g - an amulet of reflection (around neck)
 R - the ring "Fodeewk" (left hand) {Wiz rN+ MR+}
   (You found it in a Gauntlet)

   [ring of wizardry]

   It improves your spell success rate.
   It protects you from negative energy.
   It affects your resistance to hostile enchantments.
 T - a +4 ring of protection (right hand)
Wands
 a - a wand of flame (40)
 f - a wand of acid (8)
 s - a wand of enslavement (5)
 x - a wand of digging (9)
 C - a wand of disintegration (32)
 D - a wand of polymorph (14)
 F - a wand of iceblast (5)
 S - a wand of paralysis (12)
 W - a wand of random effects (27)
 X - a wand of clouds (16)
Scrolls
 h - 5 scrolls of enchant armour
 k - 7 scrolls of identify
 q - 19 scrolls of remove curse
 r - 2 scrolls of fear
 t - 8 scrolls of fog
 u - 6 scrolls of magic mapping
 G - a scroll of silence
 H - 4 scrolls of amnesia
 K - 2 scrolls of holy word
 L - 4 scrolls of enchant weapon
 M - 3 scrolls of torment
 Y - 3 scrolls of summoning
Potions
 d - 8 potions of curing
 i - 2 potions of cancellation
 j - a potion of brilliance
 l - 3 potions of mutation
 m - a potion of ambrosia
 n - 6 potions of might
 p - 7 potions of stabbing
 v - a potion of berserk rage
 w - 3 potions of resistance
 z - 7 potions of haste
Miscellaneous
 Z - a phantom mirror
Comestibles
 b - 62 rations


   Skills:
 + Level 16.2 Fighting
 * Level 14.7 Armour
 - Level 6.3 Dodging
 - Level 2.1 Stealth
 - Level 16.4 Shields
 * Level 22.8 Unarmed Combat
 - Level 5.0 Spellcasting
 - Level 4.8 Necromancy
 + Level 9.9 Transmutations
 - Level 5.0 Earth Magic
 - Level 6.2 Invocations
 - Level 4.3 Evocations


You had 20 spell levels left.
You knew the following spells:

 Your Spells              Type           Power        Failure   Level  Hunger
a - Borgnjor's Vile Clut  Necr/Erth      ###.......   43%         5    ######.
b - Hydra Form            Tmut           ####......   34%         6    #######

Your spell library contained the following spells:

 Spells                   Type           Power        Failure   Level  Hunger
 Animate Skeleton         Necr           N/A          1%          1    None
 Pain                     Necr           ###.         1%          1    None
 Sting                    Tmut/Pois      ###.         1%          1    None
 Passwall                 Tmut/Erth      ####....     1%          2    ##.....
 Sticks to Snakes         Tmut           ####....     1%          2    ##.....
 Spider Form              Tmut/Pois      ###.......   6%          3    ###....
 Vampiric Draining        Necr           ###.......   6%          3    ###....
 Petrify                  Tmut/Erth      ####....     6%          4    ####...
 Blade Hands              Tmut           ####......   7%          5    ######.
 Ignite Poison            Fire/Tmut/Pois ##......     11%         3    ###....
 Apportation              Tloc           #.....       14%         1    None
 Corona                   Hex            #......      14%         1    None
 Foxfire                  Conj/Fire      #...         14%         1    None
 Infusion                 Chrm           #...         14%         1    None
 Magic Dart               Conj           #...         14%         1    None
 Shock                    Conj/Air       #...         14%         1    None
 Summon Small Mammal      Summ           #...         14%         1    None
 Ice Form                 Ice/Tmut       ###.....     17%         4    ####...
 Animate Dead             Necr           N/A          19%         4    ####...
 Call Imp                 Summ           #.......     21%         2    ##.....
 Poisonous Vapours        Pois/Air       #.....       21%         2    ##.....
 Searing Ray              Conj           #.....       21%         2    ##.....
 Shroud of Golubria       Chrm/Tloc      #.....       21%         2    ##.....
 Slow                     Hex            #.......     21%         2    ##.....
 Song of Slaying          Chrm           #.......     21%         2    ##.....
 Swiftness                Chrm/Air       #.......     21%         2    ##.....
 Call Canine Familiar     Summ           #.......     38%         3    ###....
 Confusing Touch          Hex            #.......     38%         3    ###....
 Conjure Flame            Conj/Fire      #.......     38%         3    ###....
 Dazzling Flash           Conj/Hex       #.....       38%         3    ###....
 Gell's Gravitas          Tloc           #.........   38%         3    ###....
 Inner Flame              Hex/Fire       #.......     38%         3    ###....
 Mephitic Cloud           Conj/Pois/Air  #.......     38%         3    ###....
 Ozocubu's Armour         Chrm/Ice       #.......     38%         3    ###....
 Recall                   Summ/Tloc      N/A          38%         3    ###....
 Spectral Weapon          Hex/Chrm       #.......     38%         3    ###....
 Static Discharge         Conj/Air       #.......     38%         3    ###....
 Summon Guardian Golem    Hex/Summ       #.......     38%         3    ###....
 Tukima's Dance           Hex            #.......     38%         3    ###....
 Alistair's Intoxication  Tmut/Pois      ###.....     43%         5    ######.
 Irradiate                Conj/Tmut      ###.......   43%         5    ######.
 Yara's Violent Unravell  Hex/Tmut       ###.......   43%         5    ######.
 Agony                    Necr           ###.....     45%         5    ######.
 Airstrike                Air            #.........   77%         4    ####...
 Fulminant Prism          Conj/Hex       #.........   77%         4    ####...
 Iskenderun's Mystic Bla  Conj/Tloc      #.......     77%         4    ####...
 Sticky Flame             Conj/Fire      #.......     77%         4    ####...
 Summon Ice Beast         Ice/Summ       #.......     77%         4    ####...
 Summon Lightning Spire   Summ/Air       #.......     77%         4    ####...
 Dragon Form              Tmut           ####......   87%         7    #######
 Death Channel            Necr           ###.......   94%         6    #######
 Fireball                 Conj/Fire      #.........   97%         5    ######.
 Lightning Bolt           Conj/Air       #.........   97%         5    ######.
 Metabolic Englaciation   Hex/Ice        #.........   97%         5    ######.
 Summon Mana Viper        Hex/Summ       #.......     97%         5    ######.
 Simulacrum               Ice/Necr       ##........   99%         6    #######
 Freezing Cloud           Conj/Ice/Air   #.........   100%        6    #######
 Ozocubu's Refrigeration  Ice            #.........   100%        6    #######
 Malign Gateway           Summ/Tloc      #.........   100%        7    #######
 Ring of Flames           Chrm/Fire      #.........   100%        7    #######
 Spellforged Servitor     Conj/Summ      #.........   100%        7    #######
 Statue Form              Tmut/Erth      Unusable     N/A         6    N/A

Dungeon Overview and Level Annotations

Branches:
Dungeon (15/15)            Temple (0/1) D:5            Lair (6/6) D:9
  Swamp (4/4) Lair:3        Snake (4/4) Lair:4        Slime (0/5) Lair:5
    Orc (2/2) D:11            Elf (0/3) Orc:2        Vaults (4/5) D:13
  Crypt (0/3) Vaults:2     Depths (0/5) D:15          Sewer (visited)
  IceCv (visited)         Gauntlet (visited)

Altars:
Ashenzari
Cheibriados
Fedhas
Kikubaaqudgha
Nemelex Xobeh
Okawaru
Ru
Vehumet
Xom
Yredelemnul
Jiyva

Shops:
D:14 [   Orc:2 (*?}   Snake:1 }   Snake:2 (

Annotations:
Snake:1 2 runed translucent doors, Liforeniyw's ghost, adept MiBe


Innate Abilities, Weirdness & Mutations

You are resistant to torment.
Your stone body is resilient. (AC +16)
You are immune to poison.
Your large and strong wings let you fly indefinitely.
You resist negative energy. (rN+)
You are resistant to electric shocks. (rElec)
You can survive without breathing.
You are immune to petrification.
You are immune to rotting.


Message History

The ancient lich is almost destroyed.
You pummel the ancient lich!!
You destroy the ancient lich!
Okawaru is honoured by your kill.
The frost giant hits you but does no damage.
You block the vault guard's attack.
PTOANNNG!
You pummel the frost giant like a punching bag!!!
The frost giant is heavily wounded.
Unknown command.
You punch the frost giant!
The frost giant is severely wounded.
The vault sentinel yells at you, "GO AWAY!"
You pummel the frost giant!!
The frost giant is almost dead.
You block the vault guard's attack.
GONNNNG!
The frost giant gestures at you while chanting.
The bolt of cold hits you!!!
You die...

#..'..)().#########
#..#..<...# #..#......#
#..#......#
#..'......###########
#..#########..p.c...# #..#
#........# #..# #.p......#
#..# #@C>[....# #..#
#........# #..# #........#
#..#############'############
#.................p..........
#............................
#############################


You could see a frost giant, 2 vault guards, a vault sentinel (fleeing) and a
yaktaur (fleeing).

Vanquished Creatures
  An ancient lich (Vaults:4)
  Nikola (Snake:3)
  A tentacled monstrosity (Vaults:3)
  Rupert (D:12)
  2 sphinxes (Vaults:5)
  Gastronok (D:8)
  Kirke (Snake:1)
  3 thorn hunters
  3 shadow dragons (Vaults:5)
  Roxanne (D:14)
  A fire giant (Vaults:4)
  9 nagarajas
  A deep elf sorcerer (Vaults:4)
  A frost giant (Vaults:4)
  Aizul (Snake:1)
  10 vault wardens
  12 ironheart preservers
  A reaper (IceCv)
  A very ugly thing (Vaults:5)
  3 war gargoyles
  Nessos (Lair:4)
  2 entropy weavers
  4 stone giants
  Azrael (D:15)
  3 deep elf demonologists
  The ghost of Plazmod the Devastator, a journeyman DECj of Vehumet (Lair:5)
  5 dire elephants (Lair:6)
  A minotaur (Gauntlet)
  2 deep elf annihilators
  4 ettins
  Snorg (D:11)
  The ghost of Kyusiynim the Covert, a journeyman GnEn (Lair:4)
  4 fire dragons
  2 great orbs of eyes (Vaults:4)
  Josephine (D:14)
  14 yaktaur captains
  A deep elf high priest (Vaults:5)
  A rakshasa (Vaults:2)
  25 hydras
  26 naga warriors
  2 ice dragons
  2 vault guards (Vaults:2)
  7 centaur warriors
  4 shambling mangroves
  3 death knights
  2 catoblepae (Lair:6)
  2 ghost crabs
  7 anacondas
  The ghost of squishfish the Basher, a journeyman GrFi of Okawaru (D:10)
  2 two-headed ogres (shapeshifter)
  13 alligators
  3 ogre magi (Vaults:1)
  2 tengu warriors
  A deep troll shaman (Vaults:3)
  3 orc high priests (Orc:2)
  13 two-headed ogres
  11 shock serpents
  17 naga sharpshooters
  13 deep elf knights
  5 skeletal warriors
  10 sea snakes (Snake:4)
  A salamander mystic (Snake:2)
  A shadow wraith (Vaults:4)
  7 unseen horrors
  14 swamp dragons
  A spriggan druid (Swamp:3)
  An unseen horror (shapeshifter) (Vaults:4)
  3 deep trolls (Vaults:3)
  3 wizards
  3 phantasmal warriors
  8 naga ritualists
  20 ironbrand convokers
  A necromancer (Vaults:1)
  15 deep elf archers
  A wolf spider zombie (D:15)
  A lindwurm (Lair:6)
  5 mana vipers
  18 orc knights
  9 orc sorcerers
  A frost giant zombie (Vaults:1)
  15 deep elf magi
  6 salamanders
  10 harpies
  3 oklob plants
  A cyclops (shapeshifter) (Vaults:2)
  12 ugly things
  2 wolf spiders (Vaults:2)
  8 cyclopes
  A manticore (shapeshifter) (Vaults:2)
  Maurice (D:8)
  3 centaur zombies
  4 ice statues
  8 guardian serpents
  11 vault sentinels
  10 elephants
  35 black mambas
  A rust devil (Gauntlet)
  6 centaur skeletons
  A gargoyle (D:15)
  15 spiny frogs
  19 naga magi
  Maggie (D:8)
  A rime drake (Lair:6)
  33 yaktaurs
  7 ice devils (IceCv)
  A tengu conjurer (Gauntlet)
  9 komodo dragons
  A kobold demonologist (D:15)
  7 freezing wraiths
  3 trolls
  3 meliai (Gauntlet)
  A queen bee (shapeshifter) (D:15)
  25 hornets
  10 tyrant leeches
  Prince Ribbit (D:8)
  A blink frog (shapeshifter) (Vaults:4)
  19 slime creatures
  25 blink frogs
  2 human simulacra
  16 bog bodies
  8 hippogriffs
  Sigmund (D:5)
  10 wraiths
  A centaur simulacrum (D:15)
  A redback (Vaults:4)
  A basilisk (D:14)
  A ynoxinul (Gauntlet)
  2 humans (shapeshifter)
  51 yaks
  2 shadows
  9 spriggans
  A tarantella (shapeshifter) (D:13)
  2 vampires
  4 wyverns
  Eustachio (D:5)
  2 hungry ghosts
  6 fire elementals (D:15)
  A hog (Snake:1)
  2 steam dragons
  21 vampire mosquitoes
  Grum (D:9)
  6 wargs
  4 acid dragons
  5 insubstantial wisps (Swamp:3)
  14 water moccasins
  An acid dragon (shapeshifter) (Vaults:4)
  68 nagas
  Edmund (D:4)
  A soldier ant (shapeshifter) (Vaults:4)
  15 swamp worms
  A floating eye (shapeshifter) (Vaults:4)
  A hell hound (D:15)
  6 porcupines
  A soldier ant (D:12)
  43 orc warriors
  14 swamp drakes
  3 ice beasts
  4 sky beasts
  A black bear (D:9)
  Purgy (Sewer)
  2 orc zombies (Vaults:1)
  A phantom (D:11)
  2 necrophages
  20 ogres
  An eye of draining (D:8)
  11 centaurs
  12 crocodiles
  14 wolves
  2 big kobolds
  11 bullfrogs
  A gnoll sergeant (D:8)
  A scorpion (shapeshifter) (Vaults:3)
  5 scorpions
  5 killer bees
  An electric eel (Lair:3)
  8 wights
  4 howler monkeys
  3 bullfrog zombies
  7 crimson imps
  3 quasits
  4 iron imps (Gauntlet)
  3 jellies
  9 hounds
  40 orc wizards
  22 orc priests
  2 bullfrog skeletons
  4 iguanas
  Terence (D:2)
  Natasha (thrice) (D:3)
  8 worker ants
  5 hound skeletons
  2 worker ant zombies
  Robin (D:2)
  12 gnolls
  A howler monkey skeleton (D:7)
  16 adders
  4 shadow imps
  7 white imps (IceCv)
  9 ufetubi (IceCv)
  2 oozes (D:3)
  An adder zombie (D:7)
  3 worms
  A dart slug (D:3)
  12 leopard geckos
  107 orcs
  2 ball pythons
  7 giant cockroaches
  9 hobgoblins
  17 jackals
  2 quokkas
  A ball python zombie (D:5)
  6 bats
  7 frilled lizards
  10 goblins
  25 kobolds
  A leopard gecko skeleton (D:3)
  6 rats
  6 briar patches
  2 crawling corpses (Vaults:5)
  A fungus (Lair:1)
  4 plants (Lair:6)
1546 creatures vanquished.

Vanquished Creatures (collateral kills)
  the Lernaean hydra (Swamp:4)
  2 yaks (Lair:1)
  2 killer bees (D:9)
  A worker ant (D:9)
6 creatures vanquished.

Vanquished Creatures (others)
  A nagaraja (Snake:4)
  A hydra (Swamp:4)
  A dancing weapon (Lair:5)
  A black mamba (Snake:3)
  2 naga magi (Snake:3)
  A spiny frog (Lair:1)
  A yak (Lair:4)
  3 humans (Snake:1)
  2 nagas (Snake:4)
  A crocodile (Lair:1)
  A phantom (D:11)
  2 killer bees (D:9)
  A sky beast (D:9)
  2 orc wizards
  4 white imps (IceCv)
  An ufetubus (IceCv)
  A bush (Lair:1)
  8 fungi (Swamp:4)
  11 plants
45 creatures vanquished.

Grand Total: 1597 creatures vanquished

Notes
Turn   | Place    | Note
-------+----------+-------------------------------------------
     0 | D:1      | Froggeryz the Gargoyle Monk began the quest for the Orb.
     0 | D:1      | Reached XP level 1. HP: 14/14 MP: 1/1
   344 | D:1      | Reached XP level 2. HP: 17/19 MP: 2/2
   648 | D:2      | Reached skill level 1 in Armour
   648 | D:2      | Reached XP level 3. HP: 18/23 MP: 3/3
   674 | D:2      | Reached skill level 4 in Unarmed Combat
   702 | D:2      | Found an iron altar of Okawaru.
   726 | D:2      | Reached XP level 4. HP: 24/28 MP: 4/4
   731 | D:2      | Noticed Terence
   761 | D:2      | Became a worshipper of Warmaster Okawaru
   761 | D:2      | Reached * piety under Okawaru
   761 | D:2      | Reached ** piety under Okawaru
   768 | D:2      | Killed Terence
  1174 | D:2      | Noticed Robin
  1198 | D:2      | Killed Robin
  1198 | D:2      | Reached skill level 5 in Unarmed Combat
  1198 | D:2      | Reached XP level 5. HP: 16/32 MP: 5/5
  1704 | D:3      | Reached skill level 1 in Invocations
  1760 | D:3      | Found a sparkling altar of Nemelex Xobeh.
  1817 | D:3      | Found a shattered altar of Ashenzari.
  1915 | D:3      | Noticed Natasha
  1930 | D:3      | Killed Natasha
  1930 | D:3      | Reached XP level 6. HP: 31/37 MP: 5/7
  1993 | D:3      | Noticed Natasha
  2008 | D:3      | Killed Natasha
  2116 | D:3      | Noticed Natasha
  2131 | D:3      | Killed Natasha
  2211 | D:4      | Reached skill level 6 in Unarmed Combat
  2370 | D:4      | Found a shimmering altar of Xom.
  2417 | D:4      | Reached *** piety under Okawaru
  2417 | D:4      | Reached XP level 7. HP: 41/41 MP: 9/9
  2540 | D:4      | Found a glowing drain.
  2549 | D:4      | Reached skill level 7 in Unarmed Combat
  2555 | Sewer    | Entered a sewer
  2618 | Sewer    | Noticed Purgy
  2629 | Sewer    | Killed Purgy
  3138 | D:5      | Entered Level 5 of the Dungeon
  3138 | D:5      | Noticed Edmund
  3146 | D:5      | Noticed Eustachio
  3373 | D:4      | Killed Edmund
  3373 | D:4      | Reached skill level 8 in Unarmed Combat
  3373 | D:4      | Reached XP level 8. HP: 37/46 MP: 11/11
  3502 | D:5      | Killed Eustachio
  3534 | D:5      | Noticed Sigmund
  3550 | D:5      | Killed Sigmund
  3550 | D:5      | Reached skill level 5 in Invocations
  4060 | D:5      | Reached **** piety under Okawaru
  4060 | D:5      | Reached skill level 9 in Unarmed Combat
  4063 | D:5      | Found a staircase to the Ecumenical Temple.
  4300 | D:6      | Reached XP level 9. HP: 32/51 MP: 13/13
  4655 | D:6      | Reached skill level 10 in Unarmed Combat
  5757 | D:7      | Killed an unseen horror
  5757 | D:7      | Reached ***** piety under Okawaru
  5757 | D:7      | Reached skill level 5 in Fighting
  5757 | D:7      | Reached skill level 11 in Unarmed Combat
  6097 | D:7      | Reached XP level 10. HP: 60/60 MP: 14/14
  6173 | D:8      | Noticed Maggie
  6173 | D:8      | Noticed Gastronok
  6198 | D:8      | Killed Maggie
  6335 | D:8      | Received a gift from Okawaru
  6355 | D:8      | Killed Gastronok
  6355 | D:8      | Reached skill level 12 in Unarmed Combat
  6530 | D:8      | Found a sacrificial altar of Ru.
  6633 | D:8      | Noticed Prince Ribbit
  6655 | D:8      | Killed Prince Ribbit
  6655 | D:8      | Reached skill level 1 in Shields
  6716 | D:8      | Reached skill level 13 in Unarmed Combat
  6773 | D:8      | Found a radiant altar of Vehumet.
  6979 | D:8      | Reached XP level 11. HP: 55/68 MP: 15/15
  7104 | D:8      | Noticed Maurice
  7111 | D:8      | Killed Maurice
  7214 | D:9      | Noticed Grum
  7228 | D:9      | Killed Grum
  7627 | D:9      | Found a shimmering altar of Xom.
  8087 | D:9      | Found a blossoming altar of Fedhas.
  8273 | D:9      | Found a staircase to the Lair.
  8357 | Lair:1   | Entered Level 1 of the Lair of Beasts
  8534 | Lair:1   | Noticed an eight-headed hydra
  8547 | Lair:1   | Received a gift from Okawaru
  8562 | Lair:1   | Reached ****** piety under Okawaru
  8577 | Lair:1   | Reached skill level 14 in Unarmed Combat
  8634 | Lair:1   | Killed an eight-headed hydra
  8651 | Lair:1   | Received a gift from Okawaru
  8651 | Lair:1   | Reached skill level 5 in Shields
  8935 | Lair:1   | Reached skill level 1 in Spellcasting
  8935 | Lair:1   | Reached XP level 12. HP: 62/77 MP: 16/16
  9044 | Lair:1   | Noticed an eight-headed hydra
  9061 | Lair:1   | Killed an eight-headed hydra
  9289 | Lair:1   | Noticed a seven-headed hydra
  9297 | Lair:1   | Killed a seven-headed hydra
  9297 | Lair:1   | Reached skill level 10 in Fighting
  9343 | Lair:1   | Noticed an eight-headed hydra
  9350 | Lair:1   | Killed an eight-headed hydra
  9630 | Lair:1   | Reached skill level 15 in Unarmed Combat
  9833 | Lair:2   | Noticed a six-headed hydra
  9843 | Lair:2   | Killed a six-headed hydra
 10781 | Lair:3   | Found a staircase to the Swamp.
 10803 | Lair:3   | Received a gift from Okawaru
 10804 | Lair:3   | Got a brightly glowing hat {god gift}
 10815 | Lair:3   | Identified the +0 hat of the Garden {+Fly rElec rF-}
                  | (Okawaru gifted it to you on level 3 of the Lair of Beasts)
 11171 | Lair:3   | Learned a level 5 spell: Borgnjor's Vile Clutch
 11379 | Lair:4   | Reached skill level 1 in Earth Magic
 11422 | Lair:4   | Reached XP level 13. HP: 67/84 MP: 19/19
 11496 | Lair:4   | Noticed Nessos
 11514 | Lair:4   | Reached skill level 16 in Unarmed Combat
 11524 | Lair:4   | Killed Nessos
 11573 | Lair:4   | Found a staircase to the Snake Pit.
 11635 | Lair:4   | Noticed Kyusiynim's ghost (journeyman GnEn)
 11636 | Lair:4   | Found a runed translucent door.
 12097 | Lair:4   | Killed Kyusiynim's ghost
 12097 | Lair:4   | Reached skill level 5 in Earth Magic
 12182 | Lair:5   | Found a staircase to the Slime Pits.
 12182 | Lair:5   | Found a viscous altar of Jiyva.
 12342 | Lair:5   | Found a runed translucent door.
 12344 | Lair:5   | Found a shimmering altar of Xom.
 12344 | Lair:5   | Noticed Plazmod's ghost (journeyman DECj)
 13024 | Lair:6   | Entered Level 6 of the Lair of Beasts
 13045 | Lair:6   | Received a gift from Okawaru
 13124 | Lair:6   | Reached skill level 5 in Spellcasting
 13198 | Lair:6   | Reached skill level 1 in Evocations
 14412 | Lair:6   | Reached skill level 5 in Armour
 14447 | Lair:6   | Noticed a dire elephant
 14447 | Lair:6   | Noticed a dire elephant
 14473 | Lair:6   | Killed a dire elephant
 14473 | Lair:6   | Gained mutation: Your large and strong wings let you fly
                  | indefinitely. [Gargoyle growth]
 14473 | Lair:6   | Reached XP level 14. HP: 64/92 MP: 21/21
 14482 | Lair:6   | Killed a dire elephant
 14561 | Lair:6   | Noticed a dire elephant
 14581 | Lair:6   | Killed a dire elephant
 14584 | Lair:6   | Noticed a dire elephant
 14595 | Lair:6   | Killed a dire elephant
 14632 | Lair:6   | Noticed a dire elephant
 14651 | Lair:6   | Killed a dire elephant
 14773 | Lair:5   | Killed Plazmod's ghost
 14773 | Lair:5   | Reached skill level 17 in Unarmed Combat
 14978 | D:10     | Entered Level 10 of the Dungeon
 15184 | D:10     | Found a large runed translucent door.
 15185 | D:10     | Found a large runed translucent door.
 15187 | D:10     | Noticed squishfish's ghost (journeyman GrFi)
 15243 | D:10     | Killed squishfish's ghost
 15243 | D:10     | Received a gift from Okawaru
 15831 | D:11     | Reached skill level 1 in Necromancy
 15911 | D:11     | Identified the Collected Works on Companions and the
                  | Glacier
 16312 | D:11     | Noticed Snorg
 16328 | D:11     | Killed Snorg
 16533 | D:11     | Found a staircase to the Orcish Mines.
 16683 | Orc:1    | Entered Level 1 of the Orcish Mines
 17177 | Orc:2    | Entered Level 2 of the Orcish Mines
 17362 | Orc:2    | Found a staircase to the Elven Halls.
 17690 | Orc:2    | Reached skill level 5 in Dodging
 17897 | Orc:2    | Received a gift from Okawaru
 17898 | Orc:2    | Got a faintly glowing helmet {god gift}
 17899 | Orc:2    | Identified the +1 helmet "Souc" {rC+} (Okawaru gifted it to
                  | you on level 2 of the Orcish Mines)
 18414 | Orc:2    | Paralysed by an orc sorcerer for 2 turns
 18423 | Orc:2    | Reached XP level 15. HP: 96/96 MP: 22/22
 18686 | Orc:2    | Found Otetsil's Antique Weapon Shop.
 18686 | Orc:2    | Found Riyduop's Gadget Shoppe.
 18688 | Orc:2    | Found Reodahes's General Store.
 18688 | Orc:2    | Found Jereis's Magic Scroll Shoppe.
 18783 | Orc:2    | Bought a +0 helmet of see invisible for 126 gold pieces
 18794 | Orc:2    | Bought a scroll of summoning for 152 gold pieces
 19345 | D:12     | Found the +0 mask of the Dragon {MR+ Slay+3 SInv}
 19571 | D:12     | Reached skill level 18 in Unarmed Combat
 19765 | D:12     | You fall into a shaft and drop 2 floors!
 19892 | D:13     | Found a gate leading to a gauntlet.
 19913 | Gauntlet | Entered a Gauntlet
 19913 | Gauntlet | Found a transporter.
 19913 | Gauntlet | Found a transporter.
 19913 | Gauntlet | Found a transporter.
 19917 | Gauntlet | Found a transporter.
 19917 | Gauntlet | Found a transporter.
 19917 | Gauntlet | Found a transporter.
 19929 | Gauntlet | Found a transporter.
 19931 | Gauntlet | Found a transporter.
 19943 | Gauntlet | Found a transporter.
 20043 | Gauntlet | Found a transporter.
 20047 | Gauntlet | Found a transporter.
 20326 | Gauntlet | Got a vibrating wooden ring
 20332 | Gauntlet | Identified the ring "Fodeewk" {Wiz rN+ MR+} (You found it
                  | in a Gauntlet)
 20348 | Gauntlet | Identified the +5 arbalest "Rolarip" {freeze, rN+ Stlth+}
 20387 | Gauntlet | Got an ancient troll leather armour
 20399 | Gauntlet | Identified the +0 troll leather armour "Doll" {Regen+
                  | Stlth+} (You found it in a Gauntlet)
 20953 | D:13     | Found a gate to the Vaults.
 21050 | D:13     | Received a gift from Okawaru
 21821 | D:14     | Reached XP level 16. HP: 101/101 MP: 23/23
 21852 | D:14     | Learned a level 6 spell: Hydra Form
 21913 | D:14     | Found Qukoh's Armour Emporium.
 21918 | D:14     | Bought the +18 shield of the Gong {rElec rN+ MR+ EV-5} for
                  | 1751 gold pieces
 21918 | D:14     | Found the +18 shield of the Gong {rElec rN+ MR+ EV-5}
 22013 | D:14     | Identified Roxanne's Volume of Transmigration
 22013 | D:14     | Noticed Roxanne
 22141 | D:14     | Killed Roxanne
 22278 | D:14     | Noticed Josephine
 22289 | D:14     | Killed Josephine
 22752 | D:15     | Entered Level 15 of the Dungeon
 22763 | D:15     | Noticed Azrael
 22794 | D:15     | Killed Azrael
 23000 | D:15     | Reached XP level 17. HP: 105/106 MP: 24/24
 23202 | D:15     | Reached skill level 19 in Unarmed Combat
 23210 | D:15     | Found a frozen archway.
 23215 | IceCv    | Entered an ice cave
 23637 | IceCv    | Reached skill level 10 in Shields
 23739 | IceCv    | Found the +3 pair of gauntlets of War {Slay+5}
 23986 | D:15     | Found a staircase to the Depths.
 24000 | D:15     | Received a gift from Okawaru
 24609 | D:12     | Noticed Rupert
 24630 | D:12     | Killed Rupert
 25606 | Swamp:1  | Entered Level 1 of the Swamp
 27101 | Swamp:2  | Received a gift from Okawaru
 27913 | Swamp:3  | Reached XP level 18. HP: 94/112 MP: 25/25
 28340 | Swamp:3  | Reached skill level 15 in Shields
 28518 | Swamp:3  | Identified a scroll of acquirement
 28520 | Swamp:3  | Got the Handbook of Shifting Curses
 28840 | Swamp:4  | Entered Level 4 of the Swamp
 29048 | Swamp:4  | Received a gift from Okawaru
 29146 | Swamp:4  | Noticed the 27-headed Lernaean hydra
 30030 | Swamp:4  | Killed the 27-headed Lernaean hydra
 30030 | Swamp:4  | Received a gift from Okawaru
 30043 | Swamp:4  | Got a decaying rune of Zot
 30051 | Swamp:4  | Got a pair of masterwork boots {god gift}
 30052 | Swamp:4  | Identified the -5 pair of boots "Zyibbas" {rF+ MP+9 Dex-4
                  | SInv} (Okawaru gifted it to you on level 4 of the Swamp)
 30682 | Snake:1  | Entered Level 1 of the Snake Pit
 30716 | Snake:1  | Noticed Aizul
 30731 | Snake:1  | Killed Aizul
 30859 | Snake:1  | Noticed Kirke
 30874 | Snake:1  | Killed Kirke
 30993 | Snake:1  | Found a large runed translucent door.
 30993 | Snake:1  | Found a large runed translucent door.
 30993 | Snake:1  | Noticed Liforeniyw's ghost (adept MiBe)
 31172 | Snake:1  | Found Kinlegiss's Gadget Shop.
 31475 | Snake:2  | Reached skill level 5 in Transmutations
 31478 | Snake:2  | Reached XP level 19. HP: 95/119 MP: 26/26
 31573 | Snake:2  | Found Necux's Antique Weapon Shoppe.
 31758 | Snake:2  | Reached skill level 20 in Unarmed Combat
 31770 | Snake:2  | You fall into a shaft and drop 1 floor!
 31778 | Snake:3  | Noticed Nikola
 31803 | Snake:3  | Killed Nikola
 31803 | Snake:3  | Received a gift from Okawaru
 32591 | Snake:3  | Identified the +6 quarterstaff of Defiance {vorpal, Str+3}
 32661 | Snake:3  | Found a snail-covered altar of Cheibriados.
 32912 | Snake:4  | Entered Level 4 of the Snake Pit
 34803 | Snake:4  | Received a gift from Okawaru
 34922 | Snake:4  | HP: 3/121 [naga/+0 short sword (5)]
 34927 | Snake:4  | HP: 3/121 [stone wall collision (14)]
 35420 | Snake:4  | Reached XP level 20. HP: 127/127 MP: 27/27
 35489 | Snake:4  | Reached skill level 10 in Armour
 35566 | Snake:4  | Identified the cursed +1 robe of Yneyw {*Slow Int+6}
 35575 | Snake:4  | Reached skill level 21 in Unarmed Combat
 36165 | Snake:4  | Got a serpentine rune of Zot
 36623 | Vaults:1 | Entered Level 1 of the Vaults
 37199 | Vaults:1 | Received a gift from Okawaru
 39424 | Vaults:2 | Received a gift from Okawaru
 39441 | Vaults:2 | Reached skill level 15 in Fighting
 39481 | Vaults:2 | Reached XP level 21. HP: 93/134 MP: 28/28
 39500 | Vaults:2 | Got a pair of steaming boots {god gift}
 39501 | Vaults:2 | Identified the +2 pair of boots "Tatiurenae" {Harm rElec
                  | rC+} (Okawaru gifted it to you on level 2 of the Vaults)
 39769 | Vaults:2 | Found a basalt altar of Yredelemnul.
 39775 | Vaults:2 | Found a staircase to the Crypt.
 39783 | Vaults:2 | Found an ancient bone altar of Kikubaaqudgha.
 40892 | Vaults:3 | Reached skill level 22 in Unarmed Combat
 41084 | Vaults:3 | Received a gift from Okawaru
 41353 | Vaults:3 | Identified the +4 long sword of Overwhelming Force {flame,
                  | rN+ Str-3 Int+5}
 42465 | Vaults:4 | Received a gift from Okawaru
 42821 | Vaults:4 | Reached XP level 22. HP: 141/141 MP: 29/29
 43511 | Vaults:4 | Received a gift from Okawaru
 43546 | Vaults:4 | Identified the +1 cloak "Leax" {Regen+} (Okawaru gifted it
                  | to you on level 4 of the Vaults)
 43957 | Vaults:5 | Entered Level 5 of the Vaults
 44196 | Vaults:5 | Noticed an ancient lich
 44204 | Vaults:4 | Killed an ancient lich
 44207 | Vaults:4 | Killed from afar by a frost giant

Illustrated notes

Levels and vault maps discovered:
D:1:      sevenhm_arrival_forest_fort_small_6, layout_loops_ring,
          minmay_misc_feat_tiny
D:2:      layout_loops_ring, first_ration, okawaru_altar_gauntlet_db,
          uniq_terence, uniq_robin
D:3:      layout_rooms, cheibrodos_ashenzari_chains,
          nemelex_xobeh_ov_fountains_minmay, st_stairs_7, uniq_natasha
D:4:      layout_loops_ring, gup_sewer_entry_pipe, xom_teletrap_fun
D:5:      layout_rooms, minmay_temple_entry_poolview, uniq_eustachio,
          uniq_edmund, uniq_sigmund
D:6:      layout_basic, supply_closet_lemuel, dk_noncrumbling_2
D:7:      kennysheep_spiral_hall, layout_loops_ring, moated_statue
D:8:      layout_gridville, marbit_many_paths,
          nicolae_ru_great_annihilating_truth, grunt_pizzeria, uniq_maggie,
          uniq_maurice, uniq_prince_ribbit1, uniq_gastronok
D:9:      layout_rooms, lemuel_coloured_pillars_altar, lemuel_round_altar,
          erik_lair_dragon, serial_co_window_serial, co_window_paths_b,
          co_window_paths_a, co_window_corner_a, co_window_paths_b,
          co_window_paths_a, co_window_corner_a, co_window_of_opportunity_a,
          co_window_corner_b, co_window_paths_c, co_window_broadway_a,
          co_window_of_opportunity_b, glass_columns_a, glass_columns_a,
          uniq_grum
D:10:     layout_roguey, ebering_ghost_disaster_area,
          chequers_serial_rivers_large_a
D:11:     layout_loops_cross, david_orc_4, serial_glass, glass_columns_b,
          glass_columns_a, unseen_surprise_small, feat_on_display,
          feat_on_display, uniq_snorg
D:12:     layout_irregular_city, minmay_more_statues, uniq_rupert
D:13:     layout_loops_corners, david_vaults_4, gauntlet_entry_generic,
          grunt_decor_arrowhead
D:14:     layout_loops_corners, serial_shops, shop,
          minmay_misc_feat_more_columns, uniq_roxanne, uniq_josephine
D:15:     grunt_enter_depths_snipers, layout_loops_ring, minivault_25,
          portal_ice_cave_entry_pillars_2, uniq_azrael
Lair:1:   layout_cave_pods, serial_bayou_pond_a
Lair:2:   layout_gridlike
Lair:3:   layout_long_grid, nicolae_swamp_entry_splash_gauntlet, worms_lemuel,
          minmay_lair_oklob_chamber, grunt_megastairs_4
Lair:4:   layout_misc_corridors, minmay_snake_entry_guardpost_small,
          hellmonk_ghost_happy_afterlife, uniq_nessos
Lair:5:   layout_regular_city, slime_altar_1, ebering_ghost_xom,
          lemuel_fruit_tree
Lair:6:   due_jungle_book, layout_big_grid, dpeg_oklob_1, serial_bayou_shore_b,
          grunt_megastairs_3
Swamp:1:  layout_falls_marsh, nicolae_swamp_trees_clearing
Swamp:2:  layout_basic_swamp, evilmike_swamp_ruin_house_5
Swamp:3:  layout_basic_swamp, evilmike_swamp_ruin_house_3, st_swamp_mini
Swamp:4:  grunt_swamp_rune_castle, layout_basic_swamp
Snake:1:  layout_gridlike, serial_shops, nicolae_shop_waterfront,
          ebering_ghost_disaster_area, drop_trap,
          nrook_guardian_serpent_ordinary, uniq_aizul, uniq_kirke
Snake:2:  layout_onion_interference, serial_shops, nicolae_shop_stone
Snake:3:  layout_basic, basic_altar, uniq_nikola
Snake:4:  grunt_snake_rune_spirals, layout_onion_interference,
          nicolae_snake_round_shape_thing, serial_bayou_lagoon_b
Orc:1:    minmay_goldmine, layout_caves
Orc:2:    grunt_orc_tribal_feast, layout_diamond_mine
Vaults:1: hangedman_vaults_stretched_pinwheel, vaults_standard_mumra_x,
          v_pattern_3, vaults_dpeg_encased_lava, hangedman_vaults_nails,
          hangedman_vaults_nails, nicolae_vaults_three_branches,
          ontoclasm_vaults_gateway, vaults_room_pool, layout_vaults_big_room
Vaults:2: nicolae_vaults_little_squares_3, minmay_crypt_entry_necro_gods,
          ontoclasm_vaults_eye, v_misc_16, v_misc_29, vaults_mumra_bighexcomb,
          v_misc_4, ontoclasm_vaults_ligature, grunt_vaults_funnel,
          vaults_mumra_minichess, v_misc_8, grunt_vaults_hallway_short,
          vaults_mumra_hexcomb, vaults_room_semicircle, v_misc_8,
          ontoclasm_vaults_twist, layout_vaults_maze
Vaults:3: hangedman_vaults_maws, v_misc_2, nicolae_vaults_border_crossing,
          grunt_vaults_funneled_arena, vaults_room_large_hall,
          vaults_room_corners, nicolae_vaults_specimen_jars,
          vaults_standard_mumra_enter_the_diamond, ontoclasm_vaults_spin,
          nicolae_vaults_little_squares_3, layout_vaults_big_cross
Vaults:4: nicolae_vaults_network_barrier, hangedman_vaults_corner,
          hangedman_vaults_stream, nicolae_vaults_windows_and_doors_thing,
          st_more_cells, hangedman_vaults_stretched_pinwheel, v_misc_9,
          vaults_room_fours, vaults_dpeg_hooks, layout_vaults_omnigrid
Vaults:5

Skill      XL: |  1  2  3  4  5  6  7  8  9 10 11 12 13 14 15 16 17 18 19 20 21 22 |
---------------+-------------------------------------------------------------------+-----
Armour         | 1 2 3 5 6 7 9 11 13 14 | 14.7
Unarmed Combat | 4 5 6 8 9 11 13 14 15 16 17 18 19 20 21 22 | 22.8
Invocations    | 1 3 4 6 |  6.2
Fighting       | 5 8 9 11 12 13 14 15 16 | 16.2
Shields        | 2 5 8 14 16 | 16.4
Spellcasting   | 1 4 5 |  5.0
Earth Magic    | 2 5 |  5.0
Evocations     | 3 4 |  4.3
Necromancy     | 3 4 |  4.8
Dodging        | 5 6 |  6.3
Transmutations | 4 5 6 8 9 |  9.9
Stealth        | |  2.1

Action                   |  1- 3 |  4- 6 |  7- 9 | 10-12 | 13-15 | 16-18 | 19-21 | 22-24 || total
-------------------------+-------+-------+-------+-------+-------+-------+-------+-------++-------
Melee: Unarmed           |    93 |   357 |   511 |   681 |  1616 |  1534 |  1877 |   255 ||  6924
       Punch             |     3 |     3 |    27 |    36 |    12 |       |       |       ||    81
Throw: Javelin           |       |       |     5 |       |       |       |       |       ||     5
Invok: Heroism           |       |       |       |     4 |     5 |       |       |       ||     9
       Finesse           |       |       |       |       |       |       |       |     1 ||     1
 Abil: Fly               |       |       |       |       |       |     1 |       |       ||     1
       Stop Flying       |       |       |       |       |       |     1 |       |       ||     1
Evoke: Wand              |       |     1 |     1 |    20 |     8 |       |       |       ||    30
       Phantom mirror    |       |       |       |       |       |     1 |       |       ||     1
  Use: Potion            |       |     1 |       |     3 |     4 |     2 |     1 |     1 ||    12
       Scroll            |       |     5 |       |    11 |    16 |     7 |     6 |     9 ||    54
 Stab: Sleeping          |     1 |       |       |       |       |       |       |       ||     1
       Paralysed         |       |     3 |       |     6 |     5 |       |       |       ||    14
       Invisible         |       |       |       |       |     3 |       |       |       ||     3
       Distracted        |       |       |       |       |       |       |     1 |       ||     1
  Eat: Chunk             |       |     6 |    12 |    19 |    36 |    28 |    21 |     4 ||   126
       Ration            |       |       |       |       |       |     1 |     5 |       ||     6
Armor: Robe              |     6 |       |       |       |       |       |       |       ||     6
       Scale mail        |    54 |   209 |   314 |   424 |   846 |   528 |   285 |    50 ||  2710
Dodge: Dodged            |    64 |   173 |   288 |   312 |   626 |   276 |   131 |    11 ||  1881
       Repelled          |       |       |       |       |     3 |    23 |    31 |     2 ||    59
Block: Buckler           |       |       |       |       |   306 |    90 |       |       ||   396
       Kite shield       |       |       |       |       |       |  1320 |  2208 |   234 ||  3762
       Reflection        |       |       |       |       |       |    45 |   326 |    35 ||   406
